 Dungeon Sprint DCSS version 0.23.1 (webtiles) character file.

Game seed: 3533831726787915345

9408 nuthulu the Imperceptible (level 11, 0/30 (32) HPs)
             Began as a Spriggan Enchanter on Mar 7, 2019.
             Was the Champion of Dithmenos.
             Splashed by a jelly's acid (8 damage)
             ... while paralysed by a floating eye
             ... in the Dungeon (Sprint I: "Red Sonja").
             The game lasted 00:05:38 (1171 turns).

nuthulu the Imperceptible (Spriggan Enchanter)      Turns: 1171, Time: 00:05:38

HP:   0/30 (32)     AC: -3    Str:  0    XL:     11   Next: 22%
MP:   17/18         EV:  4    Int: 12    God:    Dithmenos [******]
Gold: 858           SH:  0    Dex: 17    Spells: 16/28 levels left

rFire    . . .     SeeInvis +   a - +1 dagger
rCold    . . .     Gourm    .   (shield restricted)
rNeg     . . .     Faith    .   b - +0 robe
rPois    .         Spirit   .   (helmet restricted)
rElec    .         Reflect  .   (no cloak)
rCorr    .         Harm     .   (gloves unavailable)
MR       +....     Rnd*Rage +   (boots unavailable) Stlth ++++++++++NoTele +
                                (no amulet)
HPRegen  0.00/turn              (no ring)
MPRegen  0.16/turn              (no ring)

@: paralysed, corroded, slowed, lost strength, wreathed by umbra, very quick
A: very small, unfitting armour, see invisible, berserk 3, clumsy 2, deformed
body, deterioration 2, dopey 2, herbivore, speed 3, frail 3, low mp 3, screaming
3, inhibited regeneration, slow metabolism 2, weak 2, evolution 1, no potion
heal 3, subdued magic 3
a: Shadow Step, Shadow Form, Renounce Religion


You were in the Dungeon.
You worshipped Dithmenos.
Dithmenos was exalted by your worship.
You were not hungry.

You visited 1 branch You collected 858 gold pieces.

Inventory:

Hand Weapons
 a - a +1 dagger (weapon)
 m - a +0 dagger of distortion
 o - a +0 blowgun
Missiles
 n - 4 curare-tipped needles
Armour
 b - a +0 robe (worn)
Scrolls
 i - a scroll of magic mapping {unknown}
 j - a scroll of blinking
 k - a scroll of enchant armour {unknown}
Potions
 c - a potion of experience {unknown}
 e - 2 potions of curing
 f - a potion of heal wounds
 g - a potion of haste
 h - 2 potions of magic
 l - a potion of resistance {unknown}
Comestibles
 d - a ration


   Skills:
 + Level 13.0 Short Blades
 + Level 16.4 Dodging
 * Level 26.0 Stealth
 - Level 9.2 Spellcasting
 - Level 9.5 Hexes


You had 16 spell levels left.
You knew the following spells:

 Your Spells              Type           Power        Failure   Level  Hunger
a - Corona                Hex            ###....      1%          1    None
b - Ensorcelled Hibernat  Hex/Ice        #.....       1%          2    None
c - Confuse               Hex            ###.....     1%          3    ##.....
d - Tukima's Dance        Hex            ###.....     1%          3    ##.....
e - Dazzling Spray        Conj/Hex       #.....       2%          3    ##.....

Your spell library contained the following spells:

 Spells                   Type           Power        Failure   Level  Hunger


Dungeon Overview and Level Annotations

Branches:
Dungeon (1/1)

Altars:
Cheibriados
Dithmenos
Elyvilon
Fedhas
Gozag
Hepliaklqana
Kikubaaqudgha
Makhleb
Nemelex Xobeh
Okawaru
Qazlal
Ru
Sif Muna
Trog
Uskayaw
Vehumet
Wu Jian
Xom
Yredelemnul
Zin
The Shining One
Jiyva
Lugonu

Shops:
D ([!:[?[


Innate Abilities, Weirdness & Mutations

You are very small and have problems with some larger weapons.
You are too small for most types of armour.
You have supernaturally acute eyesight. (SInv)
You are a herbivore.
You cover ground extremely quickly.
You need to consume almost no food.
You have an uncontrollable temper.
You are very clumsy. (Dex -4)
Armour fits poorly on your strangely shaped body.
Your body often deteriorates upon taking damage.
You are very dopey. (Int -4)
You are extremely frail. (-30% HP)
Your magical capacity is extremely low. (-30% MP)
You frequently scream uncontrollably at your foes.
You do not regenerate when monsters are visible.
You are very weak. (Str -4)
You evolve.
Potions cannot restore your health.
Your spells are much easier to cast, but much less powerful.


Message History

A necrophage comes into view.
The floating eye seems to glare at you.
A necrophage comes into view.
You scream at the necrophage!
The jelly completely misses you.
Found three items.
Unknown command.
Unknown command.
Unknown command.
The necrophage hits you.
The floating eye gazes piercingly through you!
You suddenly lose the ability to move!
The necrophage hits you.
You emit a cloud of dark smoke.
You feel your flesh rotting away! The jelly completely misses you.
The necrophage barely misses you. The floating eye's view fixates on you.
The jelly hits you. The acid corrodes you!
You are splashed with acid!
The necrophage hits you.
You feel your flesh rotting away! The jelly hits you.
* * * LOW HITPOINT WARNING * * *
You are splashed with acid!
You die...

_..__##_.#§##'#####'###
_____###'#.#...[###.'.#
########.####'###[###.#
......'...'.....'.∩##§#
'''####...###########§#
....####.###.......##§#
.....# #+# #........§.#
.....# *$* #''§######.#
.....#$$%$$#..JJ@G§.#.#
..#..#######..§nJ§§#+§#
.....# }?n...§§§§§####
.....# $)..n....≈≈#
.....# #nn.n...≈≈≈##
'''### ###..≈≈≈≈###
....∩# +######+ .....#
....∩#


You could see a necrophage, 3 jellies and a floating eye.

Vanquished Creatures
  2 centaur warriors (D)
  Sonja (D)
  2 unseen horrors (D)
  A deep troll (D)
  An oklob plant (D)
  8 shining eyes (D)
  2 kobold demonologists (D)
  A demonic crawler (D)
  A hornet (D)
  A slime creature (D)
  Sigmund (D)
  2 redbacks (D)
  A yak (D)
  5 floating eyes (D)
  An ogre (D)
  5 jellies (D)
  Ijyb (D)
36 creatures vanquished.

Vanquished Creatures (others)
  A gargoyle (D)
1 creature vanquished.

Grand Total: 37 creatures vanquished

Notes
Turn   | Place    | Note
-------+----------+-------------------------------------------
     0 | D        | nuthulu the Spriggan Enchanter began the quest for the Orb.
     0 | D        | Reached XP level 1. HP: 9/9 MP: 5/5
     1 | D        | Noticed Ijyb
    15 | D        | Killed Ijyb
    15 | D        | Reached skill level 6 in Stealth
    15 | D        | Reached skill level 5 in Hexes
    15 | D        | Reached XP level 2. HP: 4/13 MP: 5/8
    88 | D        | Killed a gargoyle
   316 | D        | Learned a level 2 spell: Ensorcelled Hibernation
   316 | D        | Noticed an ogre
   319 | D        | Killed an ogre
   319 | D        | Reached skill level 10 in Stealth
   319 | D        | Reached XP level 3. HP: 16/16 MP: 8/11
   319 | D        | Reached XP level 4. HP: 21/21 MP: 9/13
   442 | D        | Noticed Sigmund
   445 | D        | Killed Sigmund
   445 | D        | Reached skill level 13 in Stealth
   445 | D        | Reached XP level 5. HP: 24/24 MP: 13/16
   450 | D        | Learned a level 3 spell: Confuse
   454 | D        | Learned a level 3 spell: Tukima's Dance
   458 | D        | Learned a level 3 spell: Dazzling Spray
   474 | D        | Found a deep blue altar of Sif Muna.
   475 | D        | Found an ornate altar of the Wu Jian Council.
   478 | D        | Found a radiant altar of Vehumet.
   485 | D        | Reached XP level 6. HP: 17/28 MP: 9/18
   625 | D        | Found Tuvvekhy's Book Emporium.
   625 | D        | Found an ancient bone altar of Kikubaaqudgha.
   625 | D        | Found a hazy altar of Hepliaklqana.
   625 | D        | Found a hide-covered altar of Uskayaw.
   625 | D        | Found a basalt altar of Yredelemnul.
   625 | D        | Found an opulent altar of Gozag.
   625 | D        | Found a snail-covered altar of Cheibriados.
   625 | D        | Found a sacrificial altar of Ru.
   625 | D        | Found a shadowy altar of Dithmenos.
   625 | D        | Noticed a yak
   626 | D        | Found a stormy altar of Qazlal.
   626 | D        | Found a blossoming altar of Fedhas.
   626 | D        | Found a bloodstained altar of Trog.
   626 | D        | Found an iron altar of Okawaru.
   626 | D        | Found a glowing golden altar of the Shining One.
   626 | D        | Found a glowing silver altar of Zin.
   626 | D        | Found a white marble altar of Elyvilon.
   627 | D        | Killed a yak
   627 | D        | Reached skill level 15 in Stealth
   628 | D        | Found a sparkling altar of Nemelex Xobeh.
   640 | D        | Became a worshipper of Dithmenos the Shadowed
   660 | D        | Found a viscous altar of Jiyva.
   660 | D        | Found a corrupted altar of Lugonu.
   660 | D        | Noticed a slime creature
   661 | D        | Found a burning altar of Makhleb.
   661 | D        | Found a shimmering altar of Xom.
   663 | D        | Killed a slime creature
   663 | D        | Reached skill level 5 in Dodging
   663 | D        | Reached skill level 16 in Stealth
   663 | D        | Reached XP level 7. HP: 32/32 MP: 20/20
   675 | D        | Noticed a kobold demonologist
   676 | D        | Noticed a kobold demonologist
   678 | D        | Killed a kobold demonologist
   678 | D        | Reached skill level 5 in Short Blades
   678 | D        | Reached skill level 17 in Stealth
   679 | D        | Reached * piety under Dithmenos
   681 | D        | Killed a kobold demonologist
   681 | D        | Reached skill level 18 in Stealth
   681 | D        | Reached XP level 8. HP: 36/36 MP: 22/22
   689 | D        | Noticed a demonic crawler
   689 | D        | Noticed a demonic crawler
   689 | D        | Noticed a demonic crawler
   689 | D        | Noticed a demonic crawler
   691 | D        | Killed a demonic crawler
   691 | D        | Reached ** piety under Dithmenos
   691 | D        | Reached skill level 19 in Stealth
   709 | D        | Noticed a centaur warrior
   709 | D        | Noticed a centaur warrior
   712 | D        | Killed a centaur warrior
   712 | D        | Reached skill level 10 in Dodging
   712 | D        | Reached skill level 20 in Stealth
   712 | D        | Reached XP level 9. HP: 39/39 MP: 23/23
   713 | D        | Killed a centaur warrior
   713 | D        | Reached skill level 21 in Stealth
   729 | D        | Noticed an oklob plant
   731 | D        | Killed an oklob plant
   731 | D        | Reached *** piety under Dithmenos
   731 | D        | Reached skill level 22 in Stealth
   739 | D        | Reached skill level 10 in Short Blades
   772 | D        | Noticed a deep troll
   774 | D        | Killed a deep troll
   774 | D        | Reached XP level 10. HP: 44/44 MP: 24/24
   789 | D        | Found Baecaf's Armour Emporium.
   801 | D        | Noticed Sonja
   804 | D        | Killed Sonja
   804 | D        | Reached **** piety under Dithmenos
   804 | D        | Reached skill level 23 in Stealth
   829 | D        | Found Bexzog's Weapon Boutique.
   838 | D        | Noticed a shining eye
   838 | D        | Noticed a shining eye
   838 | D        | Noticed a shining eye
   841 | D        | Noticed a shining eye
   841 | D        | Noticed a shining eye
   841 | D        | Noticed a shining eye
   843 | D        | Noticed a shining eye
   843 | D        | Noticed a shining eye
   844 | D        | Killed a shining eye
   849 | D        | Gained mutation: Your magical capacity is low. (-10% MP) [a
                  | shining eye]
   849 | D        | Gained mutation: You are dopey. (Int -2) [a shining eye]
   851 | D        | Gained mutation: Your spells are a little easier to cast,
                  | but a little less powerful. [a shining eye]
   852 | D        | Paralysed by a floating eye for 2 turns
   853 | D        | Gained mutation: You tend to lose your temper in combat. [a
                  | shining eye]
   854 | D        | Gained mutation: You do not regenerate when monsters are
                  | visible. [a shining eye]
   855 | D        | Gained mutation: You are frail. (-10% HP) [a shining eye]
   857 | D        | Reached ***** piety under Dithmenos
   859 | D        | Found Nycsek's Armour Shoppe.
   859 | D        | Found Eplethay's Magic Scroll Boutique.
   859 | D        | Found Nuim's Distillery.
   860 | D        | Found Haphag's Armour Shop.
   860 | D        | Gained mutation: You often lose your temper in combat. [a
                  | shining eye]
   882 | D        | Paralysed by a floating eye for 3 turns
   888 | D        | Gained mutation: Potions are less effective at restoring
                  | your health. [a shining eye]
   894 | D        | Paralysed by a floating eye for 2 turns
   896 | D        | Gained mutation: Your magical capacity is very low. (-20%
                  | MP) [a shining eye]
   899 | D        | Gained mutation: You evolve. [a shining eye]
   904 | D        | Gained mutation: You are weak. (Str -2) [a shining eye]
   905 | D        | Gained mutation: Your body sometimes deteriorates upon
                  | taking damage. [a shining eye]
   907 | D        | Killed a shining eye
   907 | D        | Reached skill level 24 in Stealth
   914 | D        | Paralysed by a floating eye for 2 turns
   916 | D        | Gained mutation: Your magical capacity is extremely low.
                  | (-30% MP) [a shining eye]
   921 | D        | Killed a shining eye
   926 | D        | Gained mutation: You have an uncontrollable temper. [a
                  | shining eye]
   929 | D        | Gained mutation: You are clumsy. (Dex -2) [a shining eye]
   933 | D        | Killed a shining eye
   933 | D        | Reached skill level 15 in Dodging
   938 | D        | Paralysed by a floating eye for 4 turns
   941 | D        | Gained mutation: Your body often deteriorates upon taking
                  | damage. [a shining eye]
   943 | D        | Gained mutation: You are very frail. (-20% HP) [a shining
                  | eye]
   945 | D        | Gained mutation: Your spells are easier to cast, but less
                  | powerful. [a shining eye]
   949 | D        | Gained mutation: You are extremely frail. (-30% HP) [a
                  | shining eye]
   950 | D        | Paralysed by a floating eye for 2 turns
   952 | D        | Gained mutation: Potions are poor at restoring your health.
                  | [a shining eye]
   960 | D        | Paralysed by a floating eye for 2 turns
   963 | D        | Lost mutation: You have an uncontrollable temper. [a
                  | shining eye]
   967 | D        | Lost mutation: Potions are poor at restoring your health.
                  | [a shining eye]
   971 | D        | Gained mutation: You have an uncontrollable temper. [a
                  | shining eye]
   978 | D        | Gained mutation: Your spells are much easier to cast, but
                  | much less powerful. [a shining eye]
   981 | D        | Paralysed by a floating eye for 3 turns
   986 | D        | Gained mutation: You are very dopey. (Int -4) [a shining
                  | eye]
   988 | D        | Gained mutation: Potions are poor at restoring your health.
                  | [a shining eye]
   994 | D        | Lost strength.
   994 | D        | Gained mutation: You are very weak. (Str -4) [a shining
                  | eye]
   995 | D        | Gained mutation: You are very clumsy. (Dex -4) [a shining
                  | eye]
   996 | D        | Gained mutation: You occasionally shout uncontrollably at
                  | your foes. [a shining eye]
   997 | D        | Gained mutation: Potions cannot restore your health. [a
                  | shining eye]
  1001 | D        | Lost mutation: Your spells are much easier to cast, but
                  | much less powerful. [a shining eye]
  1009 | D        | Gained mutation: Armour fits poorly on your strangely
                  | shaped body. [a shining eye]
  1009 | D        | Gained mutation: Your spells are much easier to cast, but
                  | much less powerful. [a shining eye]
  1012 | D        | Killed a shining eye
  1014 | D        | Gained mutation: You sometimes yell uncontrollably at your
                  | foes. [a shining eye]
  1020 | D        | Killed a shining eye
  1020 | D        | Reached skill level 25 in Stealth
  1029 | D        | Killed a shining eye
  1029 | D        | Reached XP level 11. HP: 32/32 MP: 18/18
  1029 | D        | Gained mutation: You frequently scream uncontrollably at
                  | your foes. [a shining eye]
  1102 | D        | Killed a shining eye
  1102 | D        | Reached ****** piety under Dithmenos
  1147 | D        | Noticed an unseen horror
  1148 | D        | Noticed an unseen horror
  1153 | D        | Killed an unseen horror
  1158 | D        | Killed an unseen horror
  1158 | D        | Reached skill level 26 in Stealth
  1168 | D        | Paralysed by a floating eye for 3 turns
  1171 | D        | Splashed by a jelly's acid

Skill      XL: |  1  2  3  4  5  6  7  8  9 10 11 |
---------------+----------------------------------+-----
Stealth        | 6 10 13 16 18 20 22 25 26 | 26.0
Spellcasting   | 4 6 8 9 |  9.2
Hexes          | 5 6 8 9 |  9.5
Short Blades   | 3 6 8 10 12 13 | 13.0
Dodging        | 5 8 10 13 15 16 | 16.4

Action                   |  1- 3 |  4- 6 |  7- 9 | 10-12 || total
-------------------------+-------+-------+-------+-------++-------
Melee: Dagger            |    12 |     4 |    11 |   207 ||   234
 Cast: Ensorcelled Hiber |       |     4 |     1 |     3 ||     8
  Use: Potion            |     1 |       |       |       ||     1
 Stab: Sleeping          |     2 |     4 |    11 |    11 ||    28
Armor: Robe              |     1 |       |       |       ||     1
Dodge: Dodged            |     4 |     2 |     1 |     6 ||    13
